 Dungeon Crawl Stone Soup version 0.19-a0-1035-gdbfb0c6 (webtiles) character file.

7398 Deemzul the Carver (level 11, -2/88 HPs)
             Began as an Octopode Monk on July 29, 2016.
             Was an Elder of Hepliaklqana.
             Killed by the air
             ... invoked by Gastronok
              (23 damage)
             ... on level 10 of the Dungeon.
             The game lasted 00:12:16 (8100 turns).

Deemzul the Carver (Octopode Monk)                  Turns: 8100, Time: 00:12:16

Health: -2/88      AC:  1    Str: 12    XL:     11   Next: 14%
Magic:  11/11      EV: 26    Int: 23    God:    Hepliaklqana [****..]
Gold:   503        SH:  0    Dex: 24    Spells: 0 memorised, 10 levels left

rFire  x . .     SeeInvis +     H - +3 great sword (freeze)
rCold  + + .     Gourm    .     (shield currently unavailable)
rNeg   . . .     Faith    .     (helmet restricted)
rPois  .         Spirit   .     (no amulet)
rElec  .         Dismiss  .     u - ring of resist corrosion
rCorr  +         Reflect  .     t - +2 ring of dexterity
SustAt .         Harm     .     l - ring of Ephemeral Luck {rF- rC+ Dex+2 Stlth+}
MR     .....                    y - +5 ring of intelligence
Stlth  ++++++....               (no ring)
                                (no ring)
                                (no ring)
                                (no ring)

@: agile, not resistant to hostile enchantments, very stealthy
A: almost no armour, amphibious, 8 rings, constrict 8, camouflage 1, see
invisible, clever 2, cold resistance 1, regeneration 1, robust 1, gelatinous
body 1, no device heal 1
a: Recall Ancestor, Ancestor Identity, Transference, Idealise, Renounce Religion


You were on level 10 of the Dungeon.
You worshipped Hepliaklqana.
Hepliaklqana was greatly pleased with you.
You were not hungry.

You visited 2 branches of the dungeon, and saw 11 of its levels.

You collected 503 gold pieces.

Inventory:

Hand Weapons
 G - a +0 long sword
 H - a +3 great sword of freezing (weapon)
Armour
 o - a +0 buckler
Jewellery
 e - an uncursed ring of teleportation
 l - the ring of Ephemeral Luck (on tentacle) {rF- rC+ Dex+2 Stlth+}
   (You found it on level 4 of the Dungeon)

   [ring of protection from cold]

   It affects your dexterity (+2).
   It makes you vulnerable to fire.
   It protects you from cold.
   It makes you more stealthy.
 t - a +2 ring of dexterity (right tentacle)
 u - a ring of resist corrosion (left tentacle)
 y - a +5 ring of intelligence (on tentacle)
 F - an uncursed amulet of guardian spirit {unknown}
Wands
 D - a wand of disintegration (8/24)
Scrolls
 a - a scroll of noise {unknown}
 c - 12 scrolls of identify {unknown}
 d - a scroll of random uselessness
 j - 3 scrolls of remove curse
 k - 2 scrolls of teleportation
 m - a scroll of enchant weapon {unknown}
 n - 3 scrolls of recharging
 q - 3 scrolls of fog
Potions
 g - 2 potions of degeneration {unknown}
 h - 3 potions of flight {unknown}
 p - a potion of mutation {unknown}
 s - 2 potions of heal wounds {unknown}
 v - 2 potions of curing
 w - a potion of berserk rage {unknown}
 A - a potion of invisibility
 C - a potion of might
Books
 E - a book of the Sky

   Spells                             Type                      Level
   a - Summon Lightning Spire         Summoning/Air                4
   b - Airstrike                      Air                          4
   c - Silence                        Hexes/Air                    5
   d - Deflect Missiles               Charms/Air                   6
   e - Conjure Ball Lightning         Conjuration/Air              6
   f - Tornado                        Air                          9
Comestibles
 b - 9 bread rations
 f - 3 meat rations
 i - a royal jelly
 x - 9 slices of pizza
 z - 7 fruits
 B - 2 beef jerkies
 I - 3 chunks of flesh


   Skills:
 + Level 9.0 Fighting
 * Level 12.0 Long Blades
 + Level 9.2 Dodging
 - Level 2.6 Stealth


You had 10 spell levels left.
You didn't know any spells.

Dungeon Overview and Level Annotations

Branches:
Dungeon (10/15)            Temple (1/1) D:5
   Lair: D:8-11         Orc: D:9-12

Altars:
Cheibriados
Dithmenos
Elyvilon
Fedhas
Gozag
Hepliaklqana
Kikubaaqudgha
Makhleb
Nemelex Xobeh
Pakellas
Qazlal
Sif Muna
Uskayaw
Vehumet
Xom
The Shining One

Annotations:
D:7 exclusion: ice statue
D:10 Gastronok


Innate Abilities, Weirdness & Mutations

You cannot wear most types of armour.
You are amphibious.
You can wear up to eight rings at the same time.
You can use your tentacles to constrict eight enemies at once.
Your skin changes colour to match your surroundings (Stealth+).
Your rubbery body absorbs attacks. (AC +1)
You have supernaturally acute eyesight. (SInv)
Your mind is very acute. (Int +4)
Your flesh is cold resistant. (rC+)
Your natural rate of healing is unusually fast.
You are robust. (+10% HP)
Potions and wands are less effective at restoring your health.


Message History

You constrict the blink frog. The blink frog barely misses you.
Unknown command.
You slice the blink frog!! You freeze the blink frog.
You kill the blink frog!
Your Long Blades skill increases to level 12!
The wight hits you from afar with a halberd of freezing!
* * * LOW HITPOINT WARNING * * *
The wight freezes you.
* * * LOW HITPOINT WARNING * * *
The wight completely misses you.
You riposte.
You hit the wight but do no damage. You grab the wight.
The wight is severely damaged.
Unknown command.
Gastronok gurgles horribly!
You slash the wight!
You destroy the wight!
Unknown command.
Gastronok waves his eye-stalks in wide circles.
The air twists around and strikes you!
You die...

........#..............))[...>#
.##.....#.###...##....#########
###.....#........##.......#
#........#......#.......#
#....###.#.###..........#
#........#........#+#####
#.....#..[..#.......#
#.....#.###.#.###...#
#.....#..$..).@.....#
#........#..$.?#....# #...[###
#..[.†.....# #w....
#..$..#....# #.....
w?..#.......# #.###$#(###...# #
..#.. ....# #..$.. ...# #. ##.


You could see Gastronok.

Vanquished Creatures
  An ogre mage (D:10)
  An unseen horror (D:10)
  Pikel (D:5)
  A griffon (D:9)
  Grinder (D:5)
  A blink frog (shapeshifter) (D:10)
  A slime creature (D:10)
  A spriggan (shapeshifter) (D:9)
  A human (D:7)
  The ghost of rastmirit the Sneak, an amateur DrAs of Ru (D:6)
  2 ice beasts
  An orc warrior (D:8)
  3 slaves (D:5)
  3 ogres
  A big kobold (D:9)
  Blork the orc (D:4)
  3 giant frogs
  A scorpion (D:9)
  A water moccasin skeleton (D:8)
  A wight (D:10)
  2 crimson imps
  A jelly (D:7)
  5 orc priests
  A centaur skeleton (D:7)
  4 hounds
  An iguana (D:5)
  3 worker ants
  3 orc wizards
  A sheep (D:7)
  A killer bee zombie (D:5)
  A worker ant zombie (D:8)
  4 gnolls (D:3)
  8 adders
  3 oozes
  An adder zombie (D:8)
  2 adder skeletons
  3 worms
  4 dart slugs
  6 giant geckos
  17 orcs
  2 giant cockroaches
  7 goblins
  10 hobgoblins
  5 jackals
  2 quokkas
  3 ball pythons
  13 bats
  A giant cockroach zombie (D:6)
  5 giant newts
  3 kobolds
  11 rats
160 creatures vanquished.

Vanquished Creatures (collateral kills)
  An oklob plant (D:5)
  Prince Ribbit (D:8)
  A hippogriff (D:7)
  A hungry ghost (D:7)
  A mottled dragon (D:9)
  An orc warrior (D:8)
  A slave (D:5)
  3 sky beasts
  A black bear (D:10)
  2 ice beasts (D:9)
  A wasp (D:8)
  A centaur (D:6)
  A giant frog (D:10)
  2 wights (D:10)
  3 crimson imps
  7 orc wizards
  2 orc priests
  2 jellies
  A worker ant (D:8)
  3 sheep (D:7)
  A river rat (D:9)
  14 orcs
  A jackal (D:7)
  5 bats (D:9)
  3 rats (D:9)
  2 fungi (D:5)
  A plant (D:5)
63 creatures vanquished.

Vanquished Creatures (others)
  5 battlemagi
  4 fungi
  A plant (D:5)
10 creatures vanquished.

Grand Total: 233 creatures vanquished

Notes
Turn   | Place    | Note
-------+----------+-------------------------------------------
     0 | D:1      | Deemzul the Octopode Monk began the quest for the Orb.
     0 | D:1      | Reached XP level 1. HP: 16/16 MP: 1/1
    72 | D:1      | Reached XP level 2. HP: 21/21 MP: 2/2
   241 | D:1      | Reached XP level 3. HP: 18/26 MP: 3/3
   949 | D:2      | Reached XP level 4. HP: 31/31 MP: 4/4
  1066 | D:2      | Reached skill level 4 in Long Blades
  1424 | D:3      | Reached XP level 5. HP: 26/36 MP: 5/5
  1609 | D:3      | Found a shimmering altar of Xom.
  1725 | D:3      | Found a shadowy altar of Dithmenos.
  2311 | D:4      | Reached XP level 6. HP: 31/43 MP: 6/6
  2430 | D:4      | Found a snail-covered altar of Cheibriados.
  2658 | D:4      | Got a clouded copper ring
  2659 | D:4      | Noticed Blork the orc
  2706 | D:5      | Entered Level 5 of the Dungeon
  2739 | D:5      | Found a staircase to the Ecumenical Temple.
  2760 | D:5      | Noticed a slave
  2760 | D:5      | Noticed a slave
  2761 | D:5      | Noticed Pikel
  2763 | Temple   | Entered the Ecumenical Temple
  2777 | Temple   | Became a worshipper of Hepliaklqana
  2777 | Temple   | Reached * piety under Hepliaklqana
  2777 | Temple   | Reached ** piety under Hepliaklqana
  2781 | Temple   | Remembered your ancestor Æðelind as a battlemage
  2956 | D:5      | Noticed a slave
  2956 | D:5      | Noticed a slave
  2970 | D:5      | Killed a slave
  3018 | D:4      | Reached skill level 5 in Long Blades
  3040 | D:4      | Killed Blork the orc
  3106 | D:4      | Reached skill level 5 in Dodging
  3134 | D:4      | Found a sparkling altar of Nemelex Xobeh.
  3267 | D:4      | Reached XP level 7. HP: 49/49 MP: 7/7
  3665 | D:5      | Noticed Grinder
  3670 | D:5      | Paralysed by Grinder for 3 turns
  3674 | D:5      | Killed Grinder
  3674 | D:5      | Reached skill level 6 in Long Blades
  3710 | D:5      | Identified the ring of Ephemeral Luck {rF- rC+ Dex+2 Stlth+} (You found it on level 4 of the Dungeon)
  4096 | D:5      | Found a blossoming altar of Fedhas.
  4103 | D:5      | Reached skill level 5 in Fighting
  4110 | D:5      | Noticed an oklob plant
  4192 | D:5      | Killed Pikel
  4192 | D:5      | Reached skill level 7 in Long Blades
  4192 | D:5      | Reached XP level 8. HP: 23/57 MP: 5/8
  4441 | D:5      | Killed an oklob plant
  4441 | D:5      | Reached skill level 8 in Long Blades
  4441 | D:5      | Reached XP level 9. HP: 62/62 MP: 9/9
  4590 | D:6      | Found a hide-covered altar of Uskayaw.
  4593 | D:6      | Noticed a hand axe
  4593 | D:6      | Noticed a hand axe
  4627 | D:6      | Noticed rastmirit's ghost (amateur DrAs)
  4637 | D:6      | Killed rastmirit's ghost
  4644 | D:6      | Found a white marble altar of Elyvilon.
  4721 | D:6      | Reached *** piety under Hepliaklqana
  4959 | D:6      | Reached skill level 9 in Long Blades
  5101 | D:6      | Found an opulent altar of Gozag.
  5101 | D:6      | Found a burning altar of Makhleb.
  5353 | D:7      | Noticed an ice statue
  5518 | D:7      | Gained mutation: Potions and wands are less effective at restoring your health. [mutagenic meat]
  5521 | D:7      | Gained mutation: You occasionally shout uncontrollably at your foes. [mutagenic meat]
  5524 | D:7      | Gained mutation: Your natural rate of healing is unusually fast. [mutagenic meat]
  5527 | D:7      | Gained mutation: Your mind is acute. (Int +2) [mutagenic meat]
  5530 | D:7      | Gained mutation: Your mind is very acute. (Int +4) [mutagenic meat]
  6377 | D:8      | Found a shadowy altar of Dithmenos.
  6386 | D:8      | Reached skill level 10 in Long Blades
  6386 | D:8      | Reached XP level 10. HP: 57/71 MP: 10/10
  6618 | D:8      | Reached **** piety under Hepliaklqana
  6848 | D:8      | Noticed Prince Ribbit
  6856 | D:8      | Killed Prince Ribbit
  7466 | D:9      | Noticed a griffon
  7480 | D:9      | Killed a griffon
  7480 | D:9      | Reached skill level 11 in Long Blades
  7513 | D:9      | Gained mutation: Your flesh is cold resistant. (rC+) [mutagenic meat]
  7516 | D:9      | Lost mutation: You occasionally shout uncontrollably at your foes. [mutagenic meat]
  7600 | D:9      | Gained mutation: You have supernaturally acute eyesight. (SInv) [mutagenic meat]
  7612 | D:9      | Gained mutation: You are robust. (+10% HP) [mutagenic meat]
  7663 | D:9      | Found a deep blue altar of Sif Muna.
  7736 | D:9      | Noticed a deep troll earth mage
  7754 | D:10     | Entered Level 10 of the Dungeon
  7927 | D:10     | Noticed Gastronok
  7977 | D:10     | Noticed an unseen horror
  7997 | D:10     | Killed an unseen horror
  8081 | D:10     | Noticed an ogre mage
  8089 | D:10     | Killed an ogre mage
  8089 | D:10     | Reached XP level 11. HP: 67/85 MP: 11/11
  8097 | D:10     | Reached skill level 12 in Long Blades
  8100 | D:10     | Killed from afar by Gastronok

Vault maps used:
D:1:      dpeg_arrival_stone_temple_mockup, nrook_uturn
D:2:      minivault_11
D:3:      nicolae_overflow_hidden_temple, lemuel_crystal_altar,
          grunt_ministairs_11
D:4:      kennysheep_slug_shrine, nemelex_altar_shiori, first_bread,
          serial_park_tiny_1, interstate_on_off, uniq_blork_the_orc
D:5:      tgw_fedhas, uniq_grinder, uniq_pikel
D:6:      dancing_weapons_uskayaw, elyvilon_altar_3,
          gammafunk_temple_overflow_elements
D:7:      lemuel_ice_statue, minmay_parallelograms, grunt_livestock
D:8:      nicolae_dithmenos_shadow_blocks, uniq_prince_ribbit1
D:9:      minmay_chopped_fan, old_standard_altar, grunt_lair_entry_orc_guard_hut
D:10:     hangedman_cross_stitches, uniq_gastronok
Temple:   nicolae_temple_god_jail

Skill      XL: |  1  2  3  4  5  6  7  8  9 10 11 |
---------------+----------------------------------+-----
Long Blades    | 4 5 7 8 10 11 12 | 12.0
Dodging        | 4 5 6 7 9 |  9.2
Fighting       | 4 5 6 7 8 9 |  9.0
Stealth        | |  2.6

Action                   |  1- 3 |  4- 6 |  7- 9 | 10-12 || total
-------------------------+-------+-------+-------+-------++-------
Melee: Falchion          |    69 |   109 |   172 |    71 ||   421
       Constrict         |    19 |    29 |    34 |    35 ||   117
       Tentacles         |    12 |    29 |    54 |    41 ||   136
       Long sword        |       |       |       |    66 ||    66
       Great sword       |       |       |       |    37 ||    37
Invok: Recall Ancestor   |       |     1 |     2 |       ||     3
       Ancestor Life: Ba |       |     1 |       |       ||     1
Evoke: Wand              |       |       |       |     3 ||     3
  Use: Scroll            |       |     3 |     3 |       ||     6
       Potion            |       |     3 |     1 |     2 ||     6
 Stab: Sleeping          |    14 |    10 |    10 |     6 ||    40
       Distracted        |       |     3 |       |     2 ||     5
       Invisible         |       |       |       |     4 ||     4
  Eat: Chunk             |       |     7 |    14 |    14 ||    35
       Pizza             |       |       |     1 |       ||     1
Armor: Skin              |     3 |     3 |    22 |     5 ||    33
Dodge: Dodged            |    30 |    51 |    67 |   109 ||   257
Block: Buckler           |       |     5 |    14 |    11 ||    30
